 Dungeon Crawl Stone Soup version 0.30-a0-385-gfebfb9b408 (webtiles) character file.

Game seed: 7275218658789278540

462 funkygono the Firebug (level 6, -4/38 (42) HPs)
             Began as a Demonspawn Fire Elementalist on Dec 2, 2022.
             Slain by a black bear (5 damage)
             ... on level 3 of the Dungeon.
             The game lasted 00:07:23 (5266 turns).

funkygono the Firebug (DsFE)                        Turns: 5266, Time: 00:07:24

HP:   -4/38 (42)    AC:  6    Str:  8    XL:     6   Next: 79%
MP:   1/11          EV: 12    Int: 19    God:
Gold: 155           SH:  0    Dex: 13    Spells: 2/12 levels left

rFire   . . .      SeeInvis +    B - +1 whip
rCold   . . .      Faith    .    (no shield)
rNeg    . . .      Spirit   .    a - +0 robe
rPois   +          Reflect  .    (helmet restricted)
rElec   .          Harm     .    (no cloak)
rCorr   .          Rampage  .    A - +1 pair of gloves
Will    .....                    h - +1 pair of boots
Stlth   ++........               m - amulet of the acrobat
HPRegen 0.26/turn                p - ring of see invisible
MPRegen 0.12/turn                w - ring of poison resistance

@: drained
A: antennae 1, foul stench 1, powered by death 1
a: no special abilities


You were on level 3 of the Dungeon.
You visited 1 branch of the dungeon, and saw 4 of its levels.

You collected 155 gold pieces.

Inventory:

Hand Weapons
 d - a +2 short sword of electrocution
 B - a +1 whip (weapon)
Missiles
 y - a throwing net
Armour
 a - a +0 robe (worn)
 h - a +1 pair of boots (worn)
 A - a +1 pair of gloves (worn)
Magical Staves
 v - a staff of earth
Jewellery
 m - an amulet of the acrobat (around neck)
 o - an amulet of faith
 p - a ring of see invisible (left hand)
 w - a ring of poison resistance (right hand)
Scrolls
 c - a scroll of teleportation
 g - 2 scrolls of enchant armour
 i - a scroll of poison
 l - a scroll of torment
Potions
 b - 2 potions of magic
 e - 2 potions of curing {unknown}
 f - 2 potions of flight {unknown}
 j - 2 potions of haste {unknown}
 k - a potion of mutation {unknown}
 n - a potion of resistance {unknown}
 r - a potion of ambrosia {unknown}
 s - a potion of attraction {unknown}
 x - a potion of degeneration {unknown}


   Skills:
 + Level 0.5 Fighting
 + Level 0.1 Maces & Flails
 + Level 2.5 Dodging
 - Level 1.7 Stealth
 + Level 3.9 Spellcasting
 + Level 3.0 Conjurations
 + Level 5.0 Fire Magic


You had 2 spell levels left.
You knew the following spells:

 Your Spells              Type           Power      Damage    Failure   Level
a - Foxfire               Conj/Fire      76%        2x1d7     2%          1
b - Scorch                Fire           44%        2d7       2%          2
c - Kindle Blastsparks    Fire/Tloc/Air  20%        2d11      22%         3
d - Flame Wave            Conj/Fire      19%        2d7       26%         4

Your spell library contained the following spells:

 Spells                   Type           Power      Damage    Failure   Level
 Blink                    Tloc           6%         N/A       22%         2
 Inner Flame              Hex/Fire       13%        N/A       16%         3
 Manifold Assault         Tloc           3%         N/A       80%         4
 Storm Form               Tmut/Air       1%         N/A       100%        7


Dungeon Overview and Level Annotations

Branches:
Dungeon (4/15)
 Temple: D:4-7

Altars:
Qazlal
Ru

Shops:
D:1 *   D:4 *


Innate Abilities, Weirdness & Mutations

You have a pair of small antennae on your head.
You may rarely emit foul miasma when damaged in melee.
You regenerate a little health from kills.


Message History

The necrophage closely misses you. The black bear bites you.
The black bear claws you but does no damage.
The black bear closely misses you.
Sorry, you're not good enough to have a special ability.
Casting: Scorch (safe; 2% risk of failure)
Confirm with . or Enter, or press ? or * to list all spells.
Flames lash the necrophage.
The necrophage is lightly damaged.
The necrophage's fire resistance burns away.
The necrophage hits you.
* * * LOW HITPOINT WARNING * * *
You feel drained.
* * * LOW HITPOINT WARNING * * *
The black bear barely misses you. x2; The black bear claws you.
* * * LOW HITPOINT WARNING * * *
The endoplasm closely misses you.
Casting: Scorch (safe; 2% risk of failure)
Confirm with . or Enter, or press ? or * to list all spells.
Flames lash the necrophage.
The necrophage is burned terribly!
The necrophage is heavily damaged.
The necrophage barely misses you. The black bear bites you.
* * * LOW HITPOINT WARNING * * *
The black bear barely misses you. x2
The endoplasm hits you but does no damage.
Casting: Scorch (safe; 2% risk of failure)
Confirm with . or Enter, or press ? or * to list all spells.
Flames lash the kobold.
You kill the kobold!
The necrophage hits you but does no damage.
The endoplasm hits you but does no damage.
The black bear bites you.
* * * LOW HITPOINT WARNING * * *
The black bear barely misses you. The black bear closely misses you.
Casting: Scorch (safe; 2% risk of failure)
Confirm with . or Enter, or press ? or * to list all spells.
Flames lash the endoplasm.
You kill the endoplasm!
The black bear is no longer more vulnerable to fire.
The black bear bites you.
You die...

####### #......
#.#####
##########.# ###
#.....#..#.# #..
###.###.#..#.# #..
#S....#.#..#.# #..
#h#........#.# ###
#@###§#.#..#.#####
#.n...............
#)###.#.##.#.#####
#...#.#.##.#.#
###..>#.##.#.#
##[.#.##.#.#
###........#.##
#.............#
##...≈....≈....####


You could see a black bear, a necrophage (combustible) and a ball python.

Vanquished Creatures
  A jelly (D:3)
  A howler monkey (D:3)
  A vampire bat (D:3)
  A gnoll bouda (D:3)
  An iguana (D:3)
  5 gnolls (D:3)
  5 adders
  4 dart slugs
  3 fire bats (D:3)
  2 worms
  5 orcs
  2 spectral bats (D:3)
  3 bat skeletons (D:3)
  A bat zombie (D:3)
  12 endoplasms
  6 giant cockroaches
  6 goblins
  2 hobgoblins (D:1)
  4 jackals (D:2)
  8 kobolds
  4 quokkas
  8 ball pythons
  17 bats
  A bat simulacrum (D:3)
  4 frilled lizards
  2 rats
109 creatures vanquished.

Vanquished Creatures (others)
  296 foxfires
296 creatures vanquished.

Grand Total: 405 creatures vanquished

Notes
Turn   | Place    | Note
-------+----------+-------------------------------------------
     0 | D:1      | funkygono the Demonspawn Fire Elementalist began the quest
                  | for the Orb.
     0 | D:1      | Reached XP level 1. HP: 13/13 MP: 3/3
   101 | D:1      | Found a faded altar of an unknown god.
   213 | D:1      | Reached skill level 3 in Fire Magic
   242 | D:1      | Gained mutation: You may rarely emit foul miasma when
                  | damaged in melee. [demonic ancestry]
   242 | D:1      | Reached XP level 2. HP: 19/19 MP: 1/5
   245 | D:1      | Learned a level 2 spell: Scorch
   406 | D:1      | Found Rumob's General Store.
   966 | D:1      | Reached XP level 3. HP: 24/24 MP: 3/6
   970 | D:1      | Learned a level 3 spell: Kindle Blastsparks
  1901 | D:2      | Gained mutation: You have a pair of small antennae on your
                  | head. [demonic ancestry]
  1901 | D:2      | Reached XP level 4. HP: 30/30 MP: 1/7
  2804 | D:3      | Found a stormy altar of Qazlal.
  2840 | D:3      | Reached skill level 4 in Fire Magic
  2928 | D:3      | Gained mutation: You regenerate a little health from kills.
                  | [demonic ancestry]
  2928 | D:3      | Reached XP level 5. HP: 35/35 MP: 1/9
  3140 | D:3      | HP: 1/35 [fire bat (1)]
  3540 | D:3      | Learned a level 4 spell: Flame Wave
  3585 | D:3      | Reached XP level 6. HP: 41/41 MP: 4/11
  4078 | D:3      | Found a sacrificial altar of Ru.
  5054 | D:4      | Found King's General Store.
  5213 | D:3      | Reached skill level 5 in Fire Magic
  5265 | D:3      | HP: 1/37 [black bear (1)]
  5266 | D:3      | Slain by a black bear

Illustrated notes

Levels and vault maps discovered:
D:1:      dpeg_arrival_simpleton_a, layout_basic, serial_shops, shop,
          ebering_ecumenical_altar_petrified
D:2:      layout_loops_cross, minmay_cupped
D:3:      layout_basic, nicolae_qazlal_general_emergency,
          mainiacjoe_overflow_alcove_1, goddamned_bats
D:4:      layout_cave_pools, nicolae_overflow_crystal_walls, serial_shops,
          nicolae_shop_stone, nicolae_specific_store, minivault_24

Skill      XL: |  1  2  3  4  5  6 |
---------------+-------------------+-----
Fire Magic     | 3 4 5 |  5.0
Dodging        | 2 |  2.5
Spellcasting   | 3 |  3.9
Conjurations   | 2 3 |  3.0
Fighting       | |  0.5
Maces & Flails | |  0.1
Stealth        | |  1.7

Action                   |  1- 3 |  4- 6 || total
-------------------------+-------+-------++-------
Melee: Club              |       |    36 ||    36
 Cast: Foxfire           |    68 |   110 ||   178
       Scorch            |     6 |    27 ||    33
  Use: Scroll            |       |     8 ||     8
Armor: Robe              |       |    51 ||    51
Dodge: Dodged            |    16 |   157 ||   173

Table legend: (Time is in decaauts)
 A = Elapsed time spent in this place.
 B = Non-inter-level travel time spent in this place.
 C = Inter-level travel time spent in this place.
 D = Time resting spent in this place.
 E = Time spent auto-exploring this place.
 F = Levels seen in this place.
 G = Mean time per level.
                   A        B        C        D        E       F      G
               +--------+--------+--------+--------+--------+-----+--------+
         Total |   5278 |   5170 |    108 |    424 |   4021 |   4 | 1319.5 |
       Dungeon |   5278 |   5170 |    108 |    424 |   4021 |   4 | 1319.5 |
               +--------+--------+--------+--------+--------+-----+--------+

Top non-repeatable levels by time:
     D:3: 2210 daAuts
     D:1: 1570 daAuts
     D:2: 1212 daAuts
     D:4: 285 daAuts
